 Dungeon Crawl Stone Soup version 0.28-a0-1334-g1c9ffb4daf (webtiles) character file.

Game seed: 9242368544406060210

4056 Cheeritup the Cleaver (level 10, -17/93 HPs)
             Began as a Hill Orc Monk on Dec 28, 2021.
             Was a Priest of Beogh.
             Demolished by an orc warlord (21 damage)
             ... in a bailey.
             The game lasted 00:31:42 (8019 turns).

Cheeritup the Cleaver (Hill Orc Monk)               Turns: 8019, Time: 00:31:43

Health: -17/93     AC: 16    Str: 17    XL:     10   Next: 25%
Magic:  0/14       EV: 12    Int: 10    God:    Beogh [***...]
Gold:   212        SH:  0    Dex: 15    Spells: 9/9 levels left

rFire   + . .      SeeInvis .   c - +7 broad axe (vorpal)
rCold   . . .      Faith    .   (no shield)
rNeg    . . .      Spirit   +   o - +3 leather armour {rF+}
rPois   .          Reflect  .   y - +1 helmet
rElec   .          Harm     .   q - +2 cloak
rCorr   .          Rampage  .   (no gloves)
Will    .....                   u - +2 pair of boots
Stlth   ++........              C - amulet of guardian spirit
HPRegen 0.25/turn               b - ring of flight
MPRegen 0.14/turn               i - +4 ring of slaying

@: flying, studying Shields
A: no striking features
a: Renounce Religion, Smiting


You were in a bailey.
You worshipped Beogh.
Beogh was most pleased with you.
You visited 1 branch of the dungeon, and saw 8 of its levels.
You also visited: Bailey.

You collected 366 gold pieces.
You spent 154 gold pieces at shops.

Inventory:

Hand Weapons
 c - a +7 vorpal broad axe (weapon)
Missiles
 t - 2 throwing nets
Armour
 l - a +0 robe of willpower
 m - +0 steam dragon scales
 o - a +3 leather armour of fire resistance (worn)
 q - a +2 cloak (worn)
 u - a +2 pair of boots (worn)
 w - an orb of guile
 y - a +1 helmet (worn)
Jewellery
 b - a ring of flight (left hand)
 h - a ring of wizardry
 i - a +4 ring of slaying (right hand)
 p - an amulet of magic regeneration
 C - an amulet of guardian spirit (around neck)
Wands
 j - a wand of iceblast (9)
 n - a wand of flame (30)
 z - a wand of polymorph (9)
Scrolls
 g - 6 scrolls of teleportation
 v - a scroll of enchant armour
 A - 2 scrolls of blinking
 D - a scroll of fog
 E - a scroll of fear {unknown}
 H - a scroll of brand weapon
Potions
 a - a potion of berserk rage {unknown}
 d - a potion of lignification
 e - a potion of mutation {unknown}
 f - 2 potions of magic
 k - 2 potions of brilliance
 r - a potion of attraction {unknown}
 s - 3 potions of curing
 x - a potion of haste
 B - a potion of invisibility {unknown}
 F - a potion of experience {unknown}
 G - a potion of might {unknown}


   Skills:
 + Level 10.1 Fighting
 + Level 10.9 Axes
 + Level 7.8 Armour
 - Level 2.4 Dodging
 - Level 1.5 Stealth
 - Level 4.0 Shields
 - Level 6.0 Invocations


You had 9 spell levels left.
You didn't know any spells.
Your spell library contained the following spells:

 Spells                   Type           Power      Damage    Failure   Level
 Magic Dart               Conj           0%         1d3       41%         1
 Call Imp                 Summ           0%         N/A       54%         2
 Corpse Rot               Necr/Air       0%         N/A       54%         2
 Poisonous Vapours        Pois/Air       0%         N/A       54%         2
 Sublimation of Blood     Necr           0%         N/A       54%         2
 Confusing Touch          Hex            0%         N/A       78%         3
 Dazzling Flash           Conj/Hex       0%         N/A       78%         3
 Mephitic Cloud           Conj/Pois/Air  0%         N/A       78%         3
 Iskenderun's Mystic Bla  Conj/Tloc      0%         2d3       99%         4
 Petrify                  Tmut/Erth      0%         N/A       99%         4
 Irradiate                Conj/Tmut      0%         3d13      100%        5
 Yara's Violent Unravell  Hex/Tmut       0%         3d3       100%        5
 Starburst                Conj/Fire      0%         6d3       100%        6
 Enfeeble                 Hex            0%         N/A       100%        7


Dungeon Overview and Level Annotations

Branches:
Dungeon (8/15)             Temple (0/1) D:4            Lair (0/6) D:8
 Bailey (1/1)

Altars:
The Shining One

Shops:
D:4 (   D:6 (

Annotations:
D:3 Grinder, Sigmund


Message History

Your orc knight roars a battlecry!
Your orcs go into a battle-frenzy!
The orc warlord hits your orc knight with a +3 bardiche of pain!
Your orc knight writhes in agony.
Your orc knight hits the orc warlord with a +0 war axe!
The orc warlord hits your orc knight with a +3 bardiche of pain!!!
Your orc knight dies!
The orc warlord closely misses your orc priest.
Your orc priest hits the orc warlord with a +0 hand axe.
The orc warlord hits your orc priest with a +3 bardiche of pain!!
Your orc priest writhes in agony.
Your orc priest hits the orc warlord with a +0 hand axe.
The orc warlord closely misses your orc priest.
Your orc priest closely misses the orc warlord.
The orc warrior no longer looks unusually strong.
The orc warlord hits your orc priest with a +3 bardiche of pain!!!
Your orc priest dies!
The orc warlord roars a battlecry!
The orc warrior goes into a battle-frenzy!
Your orc warrior hits the orc warlord with a +0 war axe!!
The orc warlord hits your orc warrior with a +3 bardiche of pain!!
Your orc warrior dies!
The orc warlord hits you from afar with a +3 bardiche of pain!!
You writhe in agony.
The orc warlord hits you with a +3 bardiche of pain!
* * * LOW HITPOINT WARNING * * *
You writhe in agony.
* * * LOW HITPOINT WARNING * * *
The gnoll hits you but does no damage.
You barely miss the orc warlord.
The orc warlord is almost dead.
You slash the gnoll!
You kill the gnoll!
Beogh accepts your kill.
You hit the orc warrior.
The orc warrior hits you with a +0 war axe!!
* * * LOW HITPOINT WARNING * * *
The orc warlord hits you with a +3 bardiche of pain!!
You die...
Beogh appreciates the orc warlord's killing of a heretic priest.

##.o)..##.........##.....##
#..)o...#.........#.......#
##...o...##.......##.......##
#.........#.......#.........#
##.........###..)###.........##
#.....).o...###)###.....⌠.....#
##....)....##88)88##.........##
#.........#..)oo..#.........#
##.......##...@...##)......##
#.......').....)..')......#
##.....##)........##.....##
#######.....⌠.....#######
##.........## #.........#
##.......## #.......# ##..∩..##


You could see an orc warlord and an orc warrior (strong).

Vanquished Creatures
  An orc knight (Bailey)
  Joseph (D:7)
  A wyvern (D:8)
  Duvessa (D:4)
  2 orc warriors (Bailey)
  A black bear (D:5)
  A sky beast (D:6)
  A hornet zombie (D:7)
  2 necrophages
  2 ogres
  A phantom (D:6)
  A kobold brigand (D:8)
  A bullfrog (D:7)
  A wyvern zombie (D:8)
  4 scorpions
  A wyvern skeleton (D:7)
  Dowan (D:4)
  3 killer bees (D:7)
  5 howler monkeys
  A centaur zombie (D:8)
  4 hounds
  A bullfrog skeleton (D:4)
  3 orc priests (D:4)
  2 centaur skeletons (D:5)
  Ijyb (D:3)
  2 iguanas
  Natasha (twice) (D:3)
  An orc wizard (D:4)
  A killer bee zombie (D:8)
  2 hound skeletons (D:4)
  Robin (D:3)
  9 gnolls
  6 adders
  A white imp (D:8)
  An ufetubus (D:5)
  A worm (D:2)
  4 dart slugs
  15 orcs
  12 ball pythons
  9 endoplasms
  3 giant cockroaches
  20 goblins
  7 hobgoblins
  7 jackals
  5 quokkas
  6 bats
  3 frilled lizards
  12 kobolds
  6 rats
179 creatures vanquished.

Vanquished Creatures (collateral kills)
  2 wyverns (D:8)
  A steam dragon (D:7)
  A water moccasin (D:7)
  3 orc warriors (Bailey)
  A phantom (D:6)
  A centaur (D:6)
  A bullfrog (D:8)
  A killer bee (D:7)
  2 iguanas
  4 gnolls (Bailey)
  An ufetubus (D:6)
  2 hobgoblins (Bailey)
  A kobold (D:8)
  A goblin (Bailey)
22 creatures vanquished.

Vanquished Creatures (others)
  An orc knight (Bailey)
  2 orc warriors
  2 orc priests (Bailey)
  An orc wizard (D:4)
  9 orcs
  3 bushes (D:8)
  3 fungi (D:8)
  21 plants (D:8)
42 creatures vanquished.

Grand Total: 243 creatures vanquished

Notes
Turn   | Place    | Note
-------+----------+-------------------------------------------
     0 | D:1      | Cheeritup the Hill Orc Monk began the quest for the Orb.
     0 | D:1      | Reached XP level 1. HP: 19/19 MP: 1/1
   113 | D:1      | Reached XP level 2. HP: 18/27 MP: 2/2
   365 | D:1      | Found a faded altar of an unknown god.
   540 | D:1      | Reached skill level 1 in Armour
   544 | D:1      | Reached XP level 3. HP: 18/28 MP: 3/3
  1528 | D:2      | Reached skill level 5 in Axes
  1559 | D:2      | Reached XP level 4. HP: 38/38 MP: 4/4
  2187 | D:3      | Noticed Sigmund
  2231 | D:3      | Noticed Ijyb
  2241 | D:3      | Killed Ijyb
  2373 | D:3      | Found a glowing golden altar of the Shining One.
  2382 | D:3      | Reached skill level 5 in Fighting
  2419 | D:3      | Noticed Natasha
  2421 | D:3      | Noticed Robin
  2423 | D:3      | Killed Natasha
  2424 | D:3      | Reached XP level 5. HP: 48/48 MP: 5/5
  2440 | D:3      | Killed Robin
  2576 | D:3      | Noticed Natasha
  2589 | D:3      | Killed Natasha
  2711 | D:3      | Reached XP level 6. HP: 53/57 MP: 6/6
  2875 | D:3      | Noticed Grinder
  2878 | D:3      | Paralysed by Grinder for 4 turns
  2978 | D:4      | Became a worshipper of Beogh the Brigand
  2978 | D:4      | Reached * piety under Beogh
  2978 | D:4      | Reached ** piety under Beogh
  3219 | D:4      | Found a staircase to the Ecumenical Temple.
  3335 | D:4      | Reached skill level 1 in Invocations
  3392 | D:4      | Reached XP level 7. HP: 35/64 MP: 6/8
  3692 | D:4      | Found Olyshr Lala's Antique Weapon Shop.
  3696 | D:4      | Bought a runed broad axe for 154 gold pieces
  3832 | D:4      | Noticed Dowan
  3833 | D:4      | Noticed Duvessa
  3849 | D:4      | Killed Duvessa
  3854 | D:4      | Killed Dowan
  4486 | D:5      | Entered Level 5 of the Dungeon
  4529 | D:5      | Reached XP level 8. HP: 73/73 MP: 11/11
  4529 | D:5      | Reached *** piety under Beogh
  4530 | D:5      | Reached skill level 5 in Invocations
  4625 | D:5      | Reached skill level 1 in Shields
  5020 | D:6      | Reached skill level 5 in Armour
  5068 | D:6      | Reached XP level 9. HP: 38/81 MP: 13/13
  5502 | D:6      | Found Vepapaus's Antique Weapon Emporium.
  6146 | D:7      | Noticed Joseph
  6165 | D:7      | Killed Joseph
  6296 | D:7      | Identified a scroll of acquirement
  6296 | D:7      | Acquired a manual of Shields
  7352 | D:8      | Reached skill level 10 in Axes
  7590 | D:8      | Found a flagged portal.
  7603 | D:8      | Reached XP level 10. HP: 70/91 MP: 12/14
  7605 | Bailey   | Entered a bailey
  7696 | Bailey   | Gained Hawl as an ally
  7716 | Bailey   | Noticed an orc knight
  7818 | Bailey   | Noticed an orc knight
  7827 | Bailey   | Killed an orc knight
  7829 | Bailey   | Reached skill level 10 in Fighting
  7991 | Bailey   | Noticed an orc warlord
  8001 | Bailey   | Your ally Hawl died
  8019 | Bailey   | HP: 4/93 [orc warrior (20)]
  8019 | Bailey   | Demolished by an orc warlord

Illustrated notes

Levels and vault maps discovered:
D:1:      sevenhm_arrival_forest_fort_large_4, layout_loops_ring, serial_forest,
          infiniplex_forest_corner_1, infiniplex_forest_end_2,
          infiniplex_forest_lined_2, infiniplex_forest_straight_2,
          shapermc_ecumenical_altar_notcrosses, item_on_display_a
D:2:      layout_loops_cross
D:3:      layout_loops_ring, nicolae_overflow_crystal_walls,
          minmay_divided_ellipse, uniq_sigmund, uniq_robin, uniq_ijyb,
          uniq_grinder, uniq_natasha
D:4:      layout_loops_ring, minmay_temple_entry_large_hall, serial_shops,
          nicolae_shop_behind_doors, uniq_duvessa
D:5:      layout_rooms
D:6:      layout_cave_pods, serial_shops, nicolae_shop_waterfront
D:7:      layout_loops_corners, uniq_joseph
D:8:      layout_cave_pools, minmay_lair_entry_grove, enter_bailey_2
Bailey:   bailey_axe_minmay_hex_keep, bailey

Skill      XL: |  1  2  3  4  5  6  7  8  9 10 |
---------------+-------------------------------+-----
Fighting       | 4 5 6 7 8 9 10 | 10.1
Armour         | 1 2 3 4 5 7 |  7.8
Axes           | 5 6 7 8 10 | 10.9
Invocations    | 2 4 6 |  6.0
Shields        | 2 4 |  4.0
Dodging        | |  2.4
Stealth        | |  1.5

Action                   |  1- 3 |  4- 6 |  7- 9 | 10-12 || total
-------------------------+-------+-------+-------+-------++-------
Melee: Hand axe          |    49 |       |       |       ||    49
       Short sword       |    48 |   155 |    12 |       ||   215
       Broad axe         |       |       |   151 |    32 ||   183
Throw: Throwing net      |       |       |     1 |     1 ||     2
Invok: Convert to Beogh  |       |     1 |       |       ||     1
       Smiting           |       |       |     4 |     6 ||    10
  Use: Scroll            |       |     6 |    18 |       ||    24
       Potion            |       |       |     1 |       ||     1
 Stab: Sleeping          |       |     2 |     1 |       ||     3
Armor: Ring mail         |    45 |    10 |       |       ||    55
       Leather armour    |       |    70 |   104 |     9 ||   183
Dodge: Dodged            |    41 |   102 |   109 |    16 ||   268

Table legend: (Time is in decaauts)
 A = Elapsed time spent in this place.
 B = Non-inter-level travel time spent in this place.
 C = Inter-level travel time spent in this place.
 D = Time resting spent in this place.
 E = Time spent auto-exploring this place.
 F = Levels seen in this place.
 G = Mean time per level.
                   A        B        C        D        E       F      G
               +--------+--------+--------+--------+--------+-----+--------+
         Total |   8056 |   7862 |    194 |   1123 |   5051 |   9 |  895.1 |
       Dungeon |   7640 |   7446 |    194 |   1051 |   4877 |   8 |  955.0 |
        Bailey |    416 |    416 |      0 |     72 |    174 |   1 |  416.0 |
               +--------+--------+--------+--------+--------+-----+--------+

Top non-repeatable levels by time:
     D:4: 1572 daAuts
     D:1: 1398 daAuts
     D:7: 1228 daAuts
     D:6: 1134 daAuts
     D:2: 797 daAuts
     D:3: 735 daAuts
     D:5: 498 daAuts
  Bailey: 416 daAuts
     D:8: 275 daAuts
